Map: Ulrena

Players

Lilbow - Winner!

  • Race: Protoss Protoss
  • League: Grandmaster

SortOf

  • Race: Zerg Zerg
  • League: Grandmaster

Event: 2016 WCS Winter Circuit Championship

VOD

Have the link to the VOD?

Description

Time

  • Played on: March 2, 2016, 10:22 a.m.
  • Length: 6:16

All games in this series

Show
View Real Time Build Order
Export as new Build Order

Lilbow Protoss - Winner!

Build Orders: 1 Gate Expand 

Get SALT Encoding   

  12  0:00  Probe (Chrono Boost)  
  13  0:11  Probe (Chrono Boost)  
  14  0:18  Pylon  
  14  0:22  Probe (Chrono Boost)  
  15  0:36  Probe (Chrono Boost)  
  15  0:37  Gateway  
  16  0:47  Probe (Chrono Boost)  
  16  0:48  Assimilator  
  17  0:57  Probe (Chrono Boost)  
  18  1:08  Probe (Chrono Boost)  
  19  1:18  Probe (Chrono Boost)  
  20  1:27  Nexus  
  20  1:33  Cybernetics Core  
  20  1:38  Probe (Chrono Boost)  
  21  1:41  Assimilator  
  21  1:49  Probe (Chrono Boost)  
  21  1:53  Pylon  
  22  1:59  Probe (Chrono Boost)  
  23  2:04  Warp Gate (Chrono Boost)  
  23  2:11  Probe, Adept (Chrono Boost)  
  26  2:25  Mothership Core (Chrono Boost)  
  28  2:35  Adept (Chrono Boost)  
  30  2:38  Probe (Chrono Boost)  
  31  2:44  Probe  
  31  2:50  Probe  
  33  2:55  Probe  
  33  2:57  Gateway  
  34  3:01  Adept (Chrono Boost)  
  34  3:02  Gateway, Probe  
  37  3:09  Probe  
  38  3:20  Gateway, Probe  
  38  3:21  Probe  
  38  3:23  Pylon  
  40  3:29  Pylon  
  40  3:32  Stalker (Chrono Boost)  
  42  3:36  Probe x2  
  44  3:48  Probe  
  44  3:49  Probe  
  46  4:00  Probe  
  46  4:01  Probe  
  48  4:03  Stalker x2  
  48  4:07  Stalker  
  52  4:15  Probe x2  
  44  4:24  Stalker  
  44  4:27  Probe, Stalker x2  
  44  4:28  Probe  
  48  4:39  Probe  
  48  4:40  Probe  
  50  4:45  Sentry  
  50  4:51  Probe  
  50  4:52  Stalker x2, Sentry  
  57  4:58  Probe  
  60  5:02  Pylon  
  60  5:03  Probe  
  61  5:12  Probe  
  61  5:13  Pylon  
  62  5:20  Probe  
  63  5:24  Probe  
  63  5:26  Stalker  
  63  5:27  Sentry  
  66  5:33  Probe (Chrono Boost)  
  65  5:36  Probe (Chrono Boost)  
  66  5:44  Probe (Chrono Boost)  
  66  5:47  Stalker x2  
  66  5:48  Probe (Chrono Boost)  
  64  5:55  Probe (Chrono Boost)  
  61  5:58  Probe (Chrono Boost)  
  61  6:01  Stalker  
  61  6:02  Stalker  
  66  6:10  Stalker  
  68  6:12  Assimilator  
Show
View Real Time Build Order
Export as new Build Order

SortOf Zerg 

Build Orders: Pool First 

Get SALT Encoding   

  12  0:00  Drone  
  13  0:13  Overlord  
  13  0:17  Drone  
  14  0:31  Drone x2  
  14  0:35  Drone  
  17  0:44  Extractor  
  17  0:48  Drone  
  17  0:51  Spawning Pool  
  16  0:57  Drone  
  17  1:14  Drone  
  18  1:20  Hatchery  
  17  1:34  Drone  
  17  1:38  Zergling x2  
  19  1:40  Queen  
  21  1:47  Drone  
  21  1:53  Overlord  
  22  2:02  Roach Warren  
  22  2:05  Drone  
  22  2:12  Zergling x2  
  23  2:18  Pneumatized Carapace  
  23  2:24  Zergling x2  
  23  2:28  Evolution Chamber  
  23  2:33  Drone  
  24  2:39  Queen  
  26  2:45  Overlord  
  28  2:51  Roach  
  28  2:56  Roach  
  29  3:02  Roach  
  31  3:07  Roach  
  33  3:15  Roach  
  33  3:19  Roach  
  37  3:26  Overlord  
  37  3:31  Drone  
  38  3:35  Drone  
  38  3:37  Drone  
  40  3:46  Drone x3  
  43  3:58  Queen  
  43  3:59  Drone  
  43  4:01  Drone  
  47  4:05  Drone  
  47  4:08  Drone x2  
  48  4:17  Drone  
  48  4:18  Drone  
  48  4:21  Drone x2  
  51  4:25  Drone x2  
  50  4:32  Drone  
  50  4:34  Metabolic Boost, Queen  
  50  4:37  Extractor  
  46  4:43  Overlord  
  46  4:45  Spine Crawler  
  45  4:46  Overlord  
  45  5:01  Roach  
  45  5:02  Roach x2  
  45  5:06  Roach  
  53  5:08  Roach  
  57  5:14  Roach x2  
  57  5:18  Zergling x2  
  60  5:23  Zergling x4  
  60  5:28  Zergling x2  
  56  5:32  Zergling x2  
  41  5:37  Roach  
  41  5:41  Zergling x2  
  42  5:43  Zergling x4  
  42  5:48  Zergling x2  
  41  5:51  Zergling x2  
  41  5:54  Zergling x2  
Tags
 
Add a new tag
Caveats
  • Supply blocks, unpowered buildings, or Contaminate may cause inaccurate times.
  • Supply counts are checked every 10 seconds.